 Dungeon Crawl Stone Soup version 0.29-a0-323-g050149af67 (webtiles) character file.

Game seed: 5698427225129045302

7 Jortsu the Skirmisher (level 1, 18/18 HPs)
             Began as a Demonspawn Fighter on Apr 12, 2022.
             Was a High Priest of Ignis.
             Quit the game on level 1 of the Dungeon.
             The game lasted 00:00:11 (263 turns).

Jortsu the Skirmisher (Demonspawn Fighter)           Turns: 263, Time: 00:00:12

Health: 18/18      AC:  6    Str: 16    XL:     1   Next: 83%
Magic:  1/1        EV:  8    Int:  9    God:    Ignis [*****.]
Gold:   11         SH:  4    Dex: 12    Spells: 0/0 levels left

rFire   + . .      SeeInvis .   a - +0 war axe
rCold   . . .      Faith    .   c - +0 buckler
rNeg    . . .      Spirit   .   b - +0 scale mail
rPois   .          Reflect  .   (no helmet)
rElec   .          Harm     .   (no cloak)
rCorr   .          Rampage  .   (no gloves)
Will    .....                   (no boots)
Stlth   ..........              (no amulet)
HPRegen 0.06/turn               (no ring)
MPRegen 0.07/turn               (no ring)

@: no status effects
A: no striking features
a: Renounce Religion, Fiery Armour, Foxfire Swarm, Rising Flame


You were on level 1 of the Dungeon.
You worshipped Ignis.
Ignis was extremely pleased with you.
You visited 1 branch of the dungeon, and saw 1 of its levels.

You collected 11 gold pieces.

Inventory:

Hand Weapons
 a - a +0 war axe (weapon)
Armour
 b - a +0 scale mail (worn)
 c - a +0 buckler (worn)
Scrolls
 e - 3 scrolls of enchant armour {unknown}
Potions
 d - a potion of might


   Skills:
 + Level 3.1 Fighting
 + Level 1.8 Axes
 + Level 2.8 Armour
 + Level 2.8 Shields


You couldn't memorise any spells.
You didn't know any spells.
Your spell library was empty.

Dungeon Overview and Level Annotations

Branches:
Dungeon (1/15)

Altars:
Ignis


Message History

A kobold comes into view. It is wielding a +0 club.
You block the jackal's attack.
You miss the jackal.
The jackal is heavily wounded.
The kobold shouts!
The jackal closely misses you.
The jackal bites you but does no damage.
You hit the jackal.
You kill the jackal!
The jackal closely misses you.
You slash the jackal!
You kill the jackal!
You block the jackal's attack.
You barely miss the jackal. The jackal barely misses you. The jackal bites you.
You hit the jackal.
You kill the jackal!
You hit the kobold but do no damage. The kobold closely misses you.
You closely miss the kobold. The kobold barely misses you.
The kobold closely misses you.
You miss the kobold. The kobold hits you with a +0 club.
You barely miss the kobold. The kobold hits you with a +0 club.
You block the kobold's attack.
You miss the kobold. You block the kobold's attack.
You barely miss the kobold. The kobold barely misses you.
The kobold hits you with a +0 club.
You hit the kobold but do no damage. The kobold completely misses you.
You completely miss the kobold. The kobold hits you with a +0 club.
* * * LOW HITPOINT WARNING * * *
The kobold barely misses you.
You slash the kobold!
You kill the kobold!
Items here: ) ††††.
You start resting.
HP restored.
You now have 11 gold pieces.
There is a faded altar of an unknown god here.
You cannot tell which god this altar belongs to.
Convert to them anyway?
Ignis accepts your prayer! Ignis welcomes you!
Are you sure you want to abandon this character and quit the game? (Confirm with "yes".)

### ##.# ####### ...#
#⌠...⌠# ##.#
#######.....### ##.#
#...)..⌠.@.⌠..#
##.#####.####......#.#
.........# #.⌠.⌠.⌠#
##.#.....# ########
...#.....##
............
##8'8###....#
≈≈≈.≈≈≈##...#
≈≈.P.≈≈≈##..#


There were no monsters in sight!

Vanquished Creatures
  4 jackals (D:1)
  A kobold (D:1)
5 creatures vanquished.

Notes
Turn   | Place    | Note
-------+----------+-------------------------------------------
     0 | D:1      | Jortsu the Demonspawn Fighter began the quest for the Orb.
     0 | D:1      | Reached XP level 1. HP: 18/18 MP: 1/1
    26 | D:1      | Found a faded altar of an unknown god.
   262 | D:1      | Prayed at the altar of an unknown god.
   262 | D:1      | Became a worshipper of Ignis, the Dying Flame
   263 | D:1      | Quit the game

Illustrated notes

Levels and vault maps discovered:
D:1:      lightli_arrival_statuegarden, layout_basic,
          hellmonk_ecumenical_altar_run_dry

Action                   || total
-------------------------++-------
Melee: War axe           ||    23
Armor: Scale mail        ||     8
Dodge: Dodged            ||    14
Block: Buckler           ||     8

Table legend: (Time is in decaauts)
 A = Elapsed time spent in this place.
 B = Non-inter-level travel time spent in this place.
 C = Inter-level travel time spent in this place.
 D = Time resting spent in this place.
 E = Time spent auto-exploring this place.
 F = Levels seen in this place.
 G = Mean time per level.
                   A        B        C        D        E       F      G
               +--------+--------+--------+--------+--------+-----+--------+
         Total |    273 |    273 |      0 |    204 |     24 |   1 |  273.0 |
       Dungeon |    273 |    273 |      0 |    204 |     24 |   1 |  273.0 |
               +--------+--------+--------+--------+--------+-----+--------+

Top non-repeatable levels by time:
     D:1: 273 daAuts
